 Dungeon Crawl Stone Soup version 0.27-a0-1595-g0b823d0a13 (webtiles) character file.

Game seed: 14056848563789804186

28 elagabalus the Chopper (level 2, 40/42 HPs)
             Began as a Deep Dwarf Berserker on July 20, 2021.
             Was a Follower of Trog.
             Quit the game on level 1 of the Dungeon.
             The game lasted 00:06:18 (501 turns).

elagabalus the Chopper (Deep Dwarf Berserker)        Turns: 501, Time: 00:06:19

Health: 40/42      AC:  2    Str: 26    XL:     2   Next: 96%
Magic:  2/2        EV: 12    Int:  7    God:    Trog [*.....]
Gold:   9          SH:  0    Dex: 12    Spells: 1/1 levels left

rFire    . . .     SeeInvis .   a - +0 hand axe
rCold    . . .     Faith    .   (no shield)
rNeg     . . .     Spirit   .   b - +0 animal skin
rPois    .         Reflect  .   (no helmet)
rElec    .         Harm     .   (no cloak)
rCorr    .         Rampage  .   (no gloves)
Will     .....                  (no boots)
Stlth    ..........             (no amulet)
HPRegen  0.00/turn              f - +6 ring of strength
MPRegen  0.08/turn              (no ring)

@: berserking (expiring), very quick
A: damage resistance, heal wounds, sense surroundings 1, no regeneration
a: Heal Wounds, Renounce Religion, Berserk


You were on level 1 of the Dungeon.
You worshipped Trog.
Trog was aware of your devotion.
You visited 1 branch of the dungeon, and saw 1 of its levels.

You collected 9 gold pieces.

Inventory:

Hand Weapons
 a - a +0 hand axe (weapon)
 d - a +0 spear
Armour
 b - a +0 animal skin (worn)
Jewellery
 f - a +6 ring of strength (left hand)
Scrolls
 c - 2 scrolls of identify {unknown}
Potions
 e - a potion of heal wounds {unknown}


   Skills:
 + Level 3.1 Fighting
 + Level 4.0 Axes
 + Level 2.3 Armour
 + Level 2.3 Dodging


You had one spell level left.
You didn't know any spells.
Your spell library was empty.

Dungeon Overview and Level Annotations

Branches:
Dungeon (1/15)

Altars:


Innate Abilities, Weirdness & Mutations

You are resistant to damage.
You can heal yourself by infusing magical energy.
You passively map a small area around you.
You do not regenerate.


Message History

You see here a rat corpse.
Found a glass ring.
A kobold comes into view. It is wielding a +0 dagger.
The kobold shouts!
A kobold comes into view. It is wielding a +0 dagger.
You see here a +6 ring of strength.
f - a +6 ring of strength The kobold shouts!
Okay, then.
Okay, then.
You feel stronger.
f - a +6 ring of strength (left hand)
A goblin comes into view. It is wielding a +0 dagger.
The goblin shouts!
An endoplasm comes into view.
A red film seems to cover your vision as you go berserk!
You feel yourself moving faster!
You feel mighty!
The kobold throws a stone.
The stone misses you.
A quokka comes into view.
You feel a strong urge to attack something.
The kobold hits you with a +0 dagger.
You slash the kobold!
You kill the kobold!
Trog accepts your kill.
You slash the kobold!
You kill the kobold!
Trog accepts your kill.
Your Axes skill increases to level 4!
You closely miss the goblin. You barely miss the goblin.
The goblin hits you with a +0 dagger.
The quokka twitches its whiskers.
You slash the goblin!
You kill the goblin!
Trog accepts your kill.
You slash the endoplasm!
You kill the endoplasm!
Trog accepts your kill.
You barely miss the quokka. The quokka barely misses you.
You barely miss the quokka. The quokka closely misses you.
Are you sure you want to abandon this character and quit the game? (Confirm with "yes".)

#.# #......# ########.#.##.###
#.# #).....# #####....#.##.#..
#.###......######..........##.#)#
.........................>###.#.#
...........######.######### #.#.#
#..#.......# #.# #.#..
...........# ####.# #.###
#..........# #....# #.#
......###### #..@.# #.# ##....#
#..r.# #.### ......# #....#* *
#.... ...... #..... , , #####
##.##. * #......, , + , ........
, ,, #* * .......... # ,*
*#..........., . ,, , , * * *


You could see a quokka.

Vanquished Creatures
  A gnoll (D:1)
  A bat (D:1)
  2 endoplasms (D:1)
  3 goblins (D:1)
  5 kobolds (D:1)
  A quokka (D:1)
  A ball python (D:1)
  A rat (D:1)
15 creatures vanquished.

Notes
Turn   | Place    | Note
-------+----------+-------------------------------------------
     0 | D:1      | elagabalus the Deep Dwarf Berserker began the quest for the
                  | Orb.
     0 | D:1      | Reached XP level 1. HP: 20/20 MP: 1/1
   176 | D:1      | Reached XP level 2. HP: 23/28 MP: 2/2
   496 | D:1      | Reached skill level 4 in Axes
   501 | D:1      | Quit the game

Illustrated notes

Levels and vault maps discovered:
D:1:      eino_arrival_cavern_b, layout_basic, minmay_misc_feat_columns

Skill      XL: |  1  2 |
---------------+-------+-----
Fighting       | 3 |  3.1
Axes           | 4 |  4.0
Armour         | |  2.3
Dodging        | |  2.3

Action                   || total
-------------------------++-------
Melee: Hand axe          ||    38
Invok: Berserk           ||     3
 Abil: Heal Wounds       ||     1
Armor: Animal skin       ||     7
Dodge: Dodged            ||    22

Table legend: (Time is in decaauts)
 A = Elapsed time spent in this place.
 B = Non-inter-level travel time spent in this place.
 C = Inter-level travel time spent in this place.
 D = Time resting spent in this place.
 E = Time spent auto-exploring this place.
 F = Levels seen in this place.
 G = Mean time per level.
                   A        B        C        D        E       F      G
               +--------+--------+--------+--------+--------+-----+--------+
         Total |    529 |    156 |    373 |      0 |      0 |   1 |  529.0 |
       Dungeon |    529 |    156 |    373 |      0 |      0 |   1 |  529.0 |
               +--------+--------+--------+--------+--------+-----+--------+

Top non-repeatable levels by time:
     D:1: 529 daAuts
